 Dungeon Crawl Stone Soup version 0.32-a0-656-g3542139ebd (webtiles) character file.

Game seed: 10075827053116363773

192 kae the Slasher (level 5, 0/38 HPs)
             Began as a Coglin Gladiator on Mar 8, 2024.
             Slain by an orc
             ... wielding a +0 mace
              (3 damage)
             ... on level 4 of the Dungeon.
             The game lasted 00:01:28 (1995 turns).

kae the Slasher (Coglin Gladiator)                  Turns: 1995, Time: 00:01:28

Health: 0/38       AC:  4    Str: 15    XL:     5   Next: 71%
Magic:  1/1        EV: 12    Int: 13    God:
Gold:   60         SH:  0    Dex: 17    Spells: 4/4 levels left

rFire   . . .        a - +1 long sword {Akhenaten}
rCold   . . .        i - +4 falchion of Dealo {antimagic, Int+6}
rNeg    . . .        b - +0 leather armour
rPois   .            c - +0 helmet
rElec   .            (no cloak)
rCorr   .            (no gloves)
SInv    .            (no boots)
Will    .....        (amulet unavailable)
Stlth   +            (ring unavailable)
HPRegen 0.26/turn    (ring unavailable)
MPRegen 0.07/turn    (no gizmo)

%: no passive effects
@: revved
A: off-hand wielding, slow wielding, warmup strikes, no jewellery
a: Invent Gizmo


You were on level 4 of the Dungeon.
You visited 1 branch of the dungeon, and saw 4 of its levels.

You collected 164 gold pieces.
You spent 104 gold pieces at shops.


Innate Abilities, Weirdness & Mutations

You can wield a second weapon in your off-hand.
It takes a long time for you to wield or remove held weapons.
Your first few attacks do less damage.
You cannot equip rings or amulets.


   Skills:
 - Level 2.0 Fighting
 + Level 6.2 Long Blades
 - Level 1.7 Throwing
 - Level 2.6 Dodging


You had 4 spell levels left.
You didn't know any spells.
Your spell library contained the following spells:

 Spells                   Type           Power      Damage    Failure   Level
 Lesser Beckoning         Tloc           0%         N/A       50%         2
 Gell's Gravitas          Tloc           0%         N/A       75%         3
 Teleport Other           Tloc           0%         N/A       75%         3
 Vhi's Electric Charge    Tloc/Air       0%         N/A       98%         4
 Arcjolt                  Conj/Air       0%         1d10      100%        5
 Maxwell's Capacitive Co  Air            0%         ∞         100%        8

Inventory:

Hand Weapons
 a - a +1 long sword (weapon) {Akhenaten}
 f - a +0 dagger {Gnaeus}
 i - the +4 falchion of Dealo (offhand) {antimagic, Int+6}
   (You found it on level 2 of the Dungeon)

   Int+6:     It affects your intelligence (+6).
Missiles
 d - 3 throwing nets (quivered) {=f!f}
 e - a javelin
 g - 25 stones
 l - 5 poisoned darts
 q - 4 boomerangs
Armour
 b - a +0 leather armour (worn)
 c - a +0 helmet (worn)
Jewellery
 C - a ring of ice
   (You found it on level 3 of the Dungeon)
 G - an amulet of guardian spirit
   (You found it on level 1 of the Dungeon)
Scrolls
 r - 2 scrolls of poison {!r}
Potions
 h - 2 potions of berserk rage {!q}
 k - a potion of attraction {unknown}
 m - 2 potions of degeneration {!q}
 n - 2 potions of curing {@q1}
 o - a potion of lignification {unknown}
 t - a potion of magic

Dungeon Overview and Level Annotations

Branches:
Dungeon (4/15) Zot: 21997
 Temple: D:4-7

Altars:
Hepliaklqana
The Shining One

Shops:
D:3

* $.. #.# #.# #### #.#
##########..# #.#
#...........## #.# #.#
####.#...# #.# #.#
#.#.#.#
..#.###)###.######...#..
#.....o@$...).......###.
#####.....#........## ##
##>..#######..##...#
##.## #..##..#.. #.#
...##..#.#. #.# ..##
#._.# #+# ##. ..# #. #
##. . #


You could see an orc.


Message History

Done exploring.
No target in view!
No target in view!
You see here a rat skeleton.
There is a stone staircase leading down here.
You climb downwards.
There is a stone staircase leading up here.
Okay, then.
The air fills with toxic fumes!
As you read the scroll labelled ALEOLO BAICI, it crumbles to dust.
It was a scroll of poison.
Unknown command.
As you read the scroll labelled DUF AWYXAELLAU, it crumbles to dust.
It is a scroll of enchant weapon.
Your +0 long sword {Akhenaten} glows red for a moment.
As you read the scroll labelled QEEPSOUQAY, it dissolves into smoke.
It was a scroll of fog.
Unknown command.
As you read the scroll of identify {@r1}, it crumbles to dust.
m - 2 potions of degeneration
As you read the scroll of identify {@r1}, it crumbles to dust.
n - 2 potions of curing
As you read the scroll of identify {@r1}, it crumbles to dust.
t - a potion of magic Partly explored, can't reach some places.
Partly explored, can't reach some places.
Partly explored, can't reach some places.
You start waiting.
Done waiting.
Found a glowing golden altar of the Shining One.
Unknown command.
Found a stone staircase leading down.
You see here a +4 flail.
An orc comes into view. It is wielding a +0 short sword.
An orc is nearby!
An orc is nearby!
An orc is nearby!
An orc priest and an orc come into view.
The orc is wielding a +0 mace and wearing a +0 ring mail of cold resistance.
You see here 15 gold pieces.
The orc priest shouts!
The orc priest mumbles some strange prayers to Beogh against you.
Beogh smites you!
The orc priest threatens, "Beogh's wrath is as vast as their mercy.
Make your choice!" (press Y on the ability menu to convert to Beogh) 😮 HP[-17]
You take 17 damage, and now have 21/38 hp.
MASSIVE DAMAGE!! (PAUSE)
Okay, then.
You hit the orc with the +4 falchion of Dealo.
You slash the orc with your +1 long sword!
You kill the orc!
Your Long Blades skill increases to level 6! 😮 HP[+1]
The orc hits you with a +0 mace.
* * * LOW HITPOINT WARNING * * *
Things that are here:
a +0 short sword; a +0 leather armour; an orc corpse 😨 HP[-4]
You take 4 damage, and now have 18/38 hp.
You closely miss the orc with your +1 long sword.
You barely miss the orc with the +4 falchion of Dealo.
The orc closely misses you.
The orc priest shouts, "The Pantheon deserves no one's loyalty.
Let us show you the true path!"
You hit the orc with the +4 falchion of Dealo.
You hit the orc but do no damage. The orc hits you with a +0 mace.
* * * LOW HITPOINT WARNING * * *
😨 HP[-4]
You take 4 damage, and now have 14/38 hp.
You barely miss the orc priest with your +1 long sword.
You hit the orc priest with the +4 falchion of Dealo.
The orc hits you with a +0 mace.
* * * LOW HITPOINT WARNING * * *
The orc priest miscasts a cantrip. 😨 HP[-3]
You take 3 damage, and now have 11/38 hp.
You barely miss the orc priest with the +4 falchion of Dealo.
You slash the orc priest with your +1 long sword!
You kill the orc priest!
The orc hits you with a +0 mace!
* * * LOW HITPOINT WARNING * * *
😱 HP[-7]
You take 7 damage, and now have 4/38 hp.
Unknown command.
The orc hits you with a +0 mace.
* * * LOW HITPOINT WARNING * * *
Things that are here:
a +0 dagger; a +0 leather armour; 😱 HP[-2]
You take 2 damage, and now have 2/38 hp.
You barely miss the orc with your +1 long sword.
You barely miss the orc with the +4 falchion of Dealo.
The orc hits you but does no damage.
Unknown command.
You hit the orc but do no damage. x2; The orc misses you. 😱 HP[+1] Unknown command.
You closely miss the orc with the +4 falchion of Dealo.
You closely miss the orc with your +1 long sword.
The orc hits you with a +0 mace.
You die...

Skill      XL: |  1  2  3  4  5 |
---------------+----------------+-----
Long Blades    | 4 5 6 |  6.2
Fighting       | |  2.0
Throwing       | |  1.7
Dodging        | |  2.6

Action                     |  1- 3 |  4- 6 || total
---------------------------+-------+-------++-------
  Melee: Long sword        |    61 |    48 ||   109
         Dagger            |    64 |     7 ||    71
         Falchion          |       |    37 ||    37
    Use: Scroll            |       |     8 ||     8
   Stab: Sleeping          |     2 |     2 ||     4
 Armour: Leather armour    |    25 |    21 ||    46
  Dodge: Dodged            |    43 |    25 ||    68

Levels and vault maps discovered:
D:1:      nzn_arrival_water_spiral, layout_rooms
D:2:      layout_loops_ring, ebering_ecumenical_altar_abandoned,
          minmay_fractal_squares_gapless_5
D:3:      layout_loops_ring, nicolae_hepliaklqana_hippocampus, serial_shops,
          nicolae_shop_dealshenge, minmay_misc_feat_doors, uniq_terence
D:4:      layout_loops_corners, tso_metal_star, nicolae_overflow_hidden_temple

Notes
Turn   | Place    | Note
-------+----------+-------------------------------------------
     0 | D:1      | kae the Coglin Gladiator began the quest for the Orb.
     0 | D:1      | Reached XP level 1. HP: 16/16 MP: 1/1
     0 | D:1      | magus.rc [v1.11.3]
    51 | D:1      | You pick up a book of Displacement and begin reading...
    51 | D:1      | You add the spells Lesser Beckoning, Gell's Gravitas and
                  | Teleport Other to your library.
    68 | D:1      | Reached XP level 2. HP: 22/22 MP: 2/2
   364 | D:2      | Reached skill level 4 in Long Blades
   475 | D:2      | Reached XP level 3. HP: 27/27 MP: 3/3
   611 | D:2      | Identified the +4 falchion of Dealo {antimagic, Int+6}
   709 | D:2      | Reached XP level 4. HP: 31/33 MP: 4/4
   716 | D:2      | Found a faded altar of an unknown god.
  1039 | D:3      | Noticed Terence
  1043 | D:3      | Killed Terence
  1044 | D:3      | Reached skill level 5 in Long Blades
  1129 | D:3      | Reached XP level 5. HP: 36/38 MP: 1/5
  1140 | D:3      | Found Ybiaredut's Assorted Antiques.
  1153 | D:3      | Bought 2 brown potions for 41 gold pieces
  1153 | D:3      | Bought a bubbling green potion for 20 gold pieces
  1153 | D:3      | Bought a smoky dark potion for 20 gold pieces
  1153 | D:3      | Bought a scroll labelled DUF AWYXAELLAU for 23 gold pieces
  1163 | D:3      | You add the spells Vhi's Electric Charge, Arcjolt and
                  | Maxwell's Capacitive Coupling to your library.
  1641 | D:3      | Found a hazy altar of Hepliaklqana.
  1958 | D:4      | Found a glowing golden altar of the Shining One.
  1987 | D:4      | Reached skill level 6 in Long Blades
  1991 | D:4      | HP: 4/38 [orc/+0 mace (7)]
  1995 | D:4      | Slain by an orc

Vanquished Creatures
  An orc priest (D:4)
  Terence (D:3)
  5 adders
  3 gnolls (D:3)
  A dart slug (D:2)
  2 orcs
  2 bats
  8 endoplasms
  4 giant cockroaches
  6 hobgoblins
  6 quokkas
  3 ball pythons
  2 frilled lizards (D:2)
  7 goblins (D:2)
  6 kobolds
  4 rats
61 creatures vanquished.

Table legend:
 A = Non-vault XP
 B = Vault XP
 C = Vault XP percentage of total XP
 D = Non-vault monster count
 E = Vault monster count
 F = Vault count percentage of total count
                 A         B        C        D         E       F
            +---------+---------+-------+---------+---------+-------
      Total |     230 |      45 |  16.4 |      53 |       8 |  13.1
            +---------+---------+-------+---------+---------+-------
        D:1 |      20 |       0 |   0.0 |      11 |       0 |   0.0
        D:2 |      65 |       9 |  12.2 |      23 |       7 |  23.3
        D:3 |     101 |      36 |  26.3 |      17 |       1 |   5.6
        D:4 |      44 |       0 |   0.0 |       2 |       0 |   0.0
            +---------+---------+-------+---------+---------+-------

Skill      XL: |  1  2  3  4  5 |
---------------+----------------+-----
Long Blades    | 4 5 6 |  6.2
Fighting       | |  2.0
Throwing       | |  1.7
Dodging        | |  2.6

Action                     |  1- 3 |  4- 6 || total
---------------------------+-------+-------++-------
  Melee: Long sword        |    61 |    48 ||   109
         Dagger            |    64 |     7 ||    71
         Falchion          |       |    37 ||    37
    Use: Scroll            |       |     8 ||     8
   Stab: Sleeping          |     2 |     2 ||     4
 Armour: Leather armour    |    25 |    21 ||    46
  Dodge: Dodged            |    43 |    25 ||    68

Illustrated notes

Table legend:
 A = Kills in this place as a percentage of kills in the entire game.
 B = Kills by you in this place as a percentage of kills by you in the entire game.
 C = Kills by friends in this place as a percentage of kills by friends in the entire game.
 D = Other kills in this place as a percentage of other kills in the entire game.
 E = Experience gained in this place as a percentage of experience gained in the entire game.
 F = Experience gained in this place divided by the number of levels of this place that you have seen.
                   A       B       C       D       E      F
               +-------+-------+-------+-------+-------+----------------------
         Total | 100.0 | 100.0 |   N/A |   N/A | 100.0 |  68.8
       Dungeon | 100.0 | 100.0 |   N/A |   N/A | 100.0 |  68.8
               +-------+-------+-------+-------+-------+----------------------

Table legend: (Time is in decaauts)
 A = Elapsed time spent in this place.
 B = Non-inter-level travel time spent in this place.
 C = Inter-level travel time spent in this place.
 D = Time resting spent in this place.
 E = Time spent auto-exploring this place.
 F = Levels seen in this place.
 G = Mean time per level.
                   A        B        C        D        E       F      G
               +--------+--------+--------+--------+--------+-----+--------+
         Total |   2001 |   1908 |     93 |    113 |   1448 |   4 |  500.2 |
       Dungeon |   2001 |   1908 |     93 |    113 |   1448 |   4 |  500.2 |
               +--------+--------+--------+--------+--------+-----+--------+

Top non-repeatable levels by time:
     D:3: 857 daAuts
     D:2: 674 daAuts
     D:1: 313 daAuts
     D:4: 156 daAuts
